 Dungeon Crawl Stone Soup version 0.28-a0-1555-g9ae15a6949 (webtiles) character file.

Game seed: 12685022113255517859

96 mordus the Shield-Bearer (level 4, -3/35 HPs)
             Began as a Formicid Fighter on Jan 18, 2022.
             Asphyxiated
             ... on level 3 of the Dungeon.
             The game lasted 00:01:59 (2076 turns).

mordus the Shield-Bearer (Formicid Fighter)         Turns: 2076, Time: 00:02:01

Health: -3/35      AC: 10    Str: 23    XL:     4   Next: 98%
Magic:  4/4        EV:  7    Int:  7    God:
Gold:   59         SH:  4    Dex: 10    Spells: 3/3 levels left

rFire   . . .      SeeInvis +   a - +0 long sword
rCold   . . .      Faith    .   c - +0 buckler
rNeg    . . .      Spirit   .   k - +0 chain mail
rPois   .          Reflect  .   (helmet unavailable)
rElec   .          Harm     .   (no cloak)
rCorr   .          Rampage  .   o - +0 pair of gloves
Will    .....                   (no boots)
Stlth   ..........              (no amulet)
HPRegen 0.11/turn               (no ring)
MPRegen 0.09/turn               (no ring)

@: lethally poisoned (-3 -> -26)
A: permanent stasis, dig shafts and tunnels, antennae 3, four strong arms
a: Dig, Shaft Self


You were on level 3 of the Dungeon.
You visited 1 branch of the dungeon, and saw 3 of its levels.

You collected 59 gold pieces.

Inventory:

Hand Weapons
 a - a +0 long sword (weapon)
Missiles
 m - a throwing net
Armour
 c - a +0 buckler (worn)
 k - a +0 chain mail (worn)
 o - a +0 pair of gloves (worn)
Scrolls
 b - a scroll of magic mapping {unknown}
 e - 2 scrolls of teleportation {unknown}
 f - a scroll of blinking {unknown}
 g - 2 scrolls of enchant armour {unknown}
 h - 4 scrolls of identify {unknown}
 j - a scroll of noise {unknown}
 n - a scroll of amnesia {unknown}
 p - a scroll of fog {unknown}
Potions
 d - a potion of might


   Skills:
 - Level 3.2 Fighting
 * Level 3.6 Long Blades
 + Level 4.0 Armour
 + Level 4.3 Shields


You had 3 spell levels left.
You didn't know any spells.
Your spell library contained the following spells:

 Spells                   Type           Power      Damage    Failure   Level
 Dazzling Flash           Conj/Hex       0%         N/A       100%        3
 Animate Dead             Necr           0%         N/A       100%        4
 Iskenderun's Mystic Bla  Conj/Tloc      0%         2d3       100%        4
 Starburst                Conj/Fire      0%         6d3       100%        6
 Haunt                    Necr/Summ      0%         N/A       100%        7
 Infestation              Necr           0%         N/A       100%        8


Dungeon Overview and Level Annotations

Branches:
Dungeon (3/15)

Altars:


Innate Abilities, Weirdness & Mutations

You cannot be hasted, slowed, berserked, paralysed or teleported.
You can dig through walls and to a lower floor.
You have a pair of large antennae on your head. (SInv)
Your four strong arms can wield two-handed weapons with a shield.


Message History

No target in view!
Things that are here:
a +0 short sword; a stone
Things that are here:
a +0 flail; a +0 leather armour A kobold brigand comes into view.
It is wielding a +0 club and quivering curare-tipped darts.
A kobold brigand is nearby!
The kobold brigand shouts!
Things that are here:
a +0 short sword; a stone The kobold brigand throws a curare-tipped dart.
The curare-tipped dart hits you.
You are poisoned.
You have difficulty breathing.
Your stasis prevents you from being slowed.
A kobold brigand is nearby!
You feel very sick.
A kobold brigand is nearby!
You feel sick.
The kobold brigand hits you but does no damage.
You hit the kobold brigand.
The kobold brigand is lightly wounded.
You feel very sick.
The kobold brigand hits you with a +0 club.
* * * LOW HITPOINT WARNING * * *
It was a potion of haste.
Your stasis prevents you from being hasted.
You feel sick.
The kobold brigand hits you with a +0 club.
* * * LOW HITPOINT WARNING * * *
It was a potion of cancellation.
You feel magically purged.
You feel sick.
The kobold brigand hits you with a +0 club.
* * * LOW HITPOINT WARNING * * *
* * * LOW HITPOINT WARNING * * *
You feel sick.
The kobold brigand throws a curare-tipped dart.
The curare-tipped dart hits you.
You are more poisoned.
You have difficulty breathing.
You die...

... ... ... ... ######
#.# #.# ....... #.# #.# #
.. ....... #.###.#.#..#
.......######.#....<..<#
............#.##).....##
...........K...).........
............#@#.......##.
^........####)#.....###
.........# #.#.###.#
.......†## #.#.# .#
........# #.#.# ..
.######.# #.#.# ## #<#
#.#.# #≈≈≈# #.# ≈≈≈≈≈≈≈
≈..


You could see a kobold brigand.

Vanquished Creatures
  2 adders
  3 dart slugs
  3 orcs (D:3)
  3 bats
  5 endoplasms
  3 giant cockroaches
  5 hobgoblins
  4 kobolds
  2 quokkas
  6 ball pythons
  2 frilled lizards
  5 goblins
  6 rats
49 creatures vanquished.

Vanquished Creatures (others)
  An orc wizard (D:3)
1 creature vanquished.

Grand Total: 50 creatures vanquished

Notes
Turn   | Place    | Note
-------+----------+-------------------------------------------
     0 | D:1      | mordus the Formicid Fighter began the quest for the Orb.
     0 | D:1      | Reached XP level 1. HP: 18/18 MP: 1/1
   223 | D:1      | Reached XP level 2. HP: 24/24 MP: 2/2
   809 | D:1      | Reached XP level 3. HP: 28/29 MP: 3/3
  1415 | D:2      | Reached XP level 4. HP: 25/35 MP: 4/4
  2068 | D:3      | Noticed a kobold brigand
  2076 | D:3      | Asphyxiated

Illustrated notes

Levels and vault maps discovered:
D:1:      kennysheep_arrival_forest, layout_loops_ring
D:2:      layout_rooms, serial_curves, eino_curves_04, eino_curves_04,
          hangedman_abyss_or_decor_lesser_grid, minmay_door_square
D:3:      cheibrodos_thug_alley, layout_basic,
          grunt_temple_overflow_champion_of_chaos, ebering_ghost_rock_garden

Skill      XL: |  1  2  3  4 |
---------------+-------------+-----
Shields        | 4 |  4.3
Long Blades    | 3 |  3.6
Armour         | 4 |  4.0
Fighting       | |  3.2

Action                   |  1- 3 |  4- 6 || total
-------------------------+-------+-------++-------
Melee: Long sword        |    84 |    56 ||   140
  Use: Potion            |       |     2 ||     2
Armor: Scale mail        |    10 |       ||    10
       Chain mail        |    59 |    27 ||    86
Dodge: Dodged            |    34 |    20 ||    54
Block: Buckler           |    24 |    16 ||    40

Table legend: (Time is in decaauts)
 A = Elapsed time spent in this place.
 B = Non-inter-level travel time spent in this place.
 C = Inter-level travel time spent in this place.
 D = Time resting spent in this place.
 E = Time spent auto-exploring this place.
 F = Levels seen in this place.
 G = Mean time per level.
                   A        B        C        D        E       F      G
               +--------+--------+--------+--------+--------+-----+--------+
         Total |   2115 |   2005 |    110 |      0 |   1630 |   3 |  705.0 |
       Dungeon |   2115 |   2005 |    110 |      0 |   1630 |   3 |  705.0 |
               +--------+--------+--------+--------+--------+-----+--------+

Top non-repeatable levels by time:
     D:1: 1098 daAuts
     D:2: 855 daAuts
     D:3: 161 daAuts
